 Dungeon Crawl Stone Soup version 0.28.0-45-g0d030f2227 (webtiles) character file.

Game seed: 18311677478114555303

124 NinjaNoafa the Insei (level 5, -3/38 HPs)
             Began as a Merfolk Transmuter on Apr 19, 2022.
             Slain by Sigmund
             ... wielding a +0 scythe
              (11 damage)
             ... on level 3 of the Dungeon.
             The game lasted 00:05:22 (3425 turns).

NinjaNoafa the Insei (Merfolk Transmuter)           Turns: 3425, Time: 00:05:22

Health: -3/38      AC:  2    Str: 11    XL:     5   Next: 8%
Magic:  7/8        EV: 13    Int: 14    God:
Gold:   78         SH:  0    Dex: 14    Spells: 8/9 levels left

rFire   . . .      SeeInvis .   h - +1 hand axe (vorpal)
rCold   . . .      Faith    .   (no shield)
rNeg    . . .      Spirit   .   a - +0 robe
rPois   .          Reflect  .   (helmet currently unavailable)
rElec   .          Harm     .   (no cloak)
rCorr   .          Rampage  .   (no gloves)
Will    .....                   (boots currently unavailable)
Stlth   +.........              e - amulet of the acrobat
HPRegen 0.12/turn               (no ring)
MPRegen 0.11/turn               (no ring)

@: appendages (expiring), attractive
A: horns 2, (nimble swimmer 2), mertail
a: End Transformation


You were on level 3 of the Dungeon.
You had temporarily grown beastly horns.
You visited 1 branch of the dungeon, and saw 3 of its levels.

You collected 78 gold pieces.

Inventory:

Hand Weapons
 c - a +0 dagger
 h - a +1 vorpal hand axe (weapon)
Missiles
 d - 6 boomerangs
 f - 19 stones
 j - 6 javelins (quivered)
 k - 3 poisoned darts
Armour
 a - a +0 robe (worn)
Jewellery
 e - an amulet of the acrobat (around neck)
Potions
 b - a potion of resistance


   Skills:
 + Level 2.2 Fighting
 + Level 3.6 Dodging
 + Level 4.0 Unarmed Combat
 + Level 2.5 Spellcasting
 + Level 0.8 Hexes
 + Level 3.6 Transmutations
 + Level 1.2 Poison Magic


You had 8 spell levels left.
You knew the following spells:

 Your Spells              Type           Power      Damage    Failure   Level
a - Beastly Appendage     Tmut           22%        N/A       4%          1

Your spell library contained the following spells:

 Spells                   Type           Power      Damage    Failure   Level
 Wereblood                Tmut           11%        N/A       8%          2
 Slow                     Hex            16%        N/A       16%         1
 Spider Form              Tmut/Pois      8%         N/A       24%         3
 Confusing Touch          Hex            4%         N/A       43%         3
 Vampiric Draining        Necr           1%         2d6       56%         3
 Ice Form                 Ice/Tmut       6%         N/A       71%         4


Dungeon Overview and Level Annotations

Branches:
Dungeon (3/15)

Altars:

Shops:
D:2 :

Annotations:
D:2 1 runed translucent door, Crazy Yiuf
D:3 Sigmund


Innate Abilities, Weirdness & Mutations

You have temporarily grown beastly horns.
((You are very nimble when in or above water. (Stealth+, EV+, Speed+++)))
Your lower body shifts to a powerful aquatic tail in water.


Message History

You see here a +0 spear.
Your horns disappear.
Sigmund the Dreaded comes into view.
He is wielding a +0 scythe.
Casting: Beastly Appendage (safe; 4% risk of failure)
Confirm with . or Enter, or press ? or * to list all spells.
Okay, then.
g - a sedimented brown potion You aren't carrying any scrolls.
Sigmund shouts!
Sigmund says, "Don't worry, I'll kill you fast."
Sigmund laughs darkly.
Sigmund misses you. Sigmund casts a spell at you. The puff of flame misses you.
You hit Sigmund.
Sigmund is moderately wounded.
Sigmund barely misses you.
You barely miss Sigmund.
Sigmund is moderately wounded.
Sigmund hits you with a +0 scythe!
Casting: Beastly Appendage (safe; 4% risk of failure)
Confirm with . or Enter, or press ? or * to list all spells.
You grow a pair of large bovine horns.
It was a potion of attraction.
You feel attractive to monsters. Sigmund misses you.
You hit Sigmund. You headbutt Sigmund, but do no damage.
Your punch misses Sigmund.
Sigmund is heavily wounded.
Sigmund gestures wildly while chanting.
Sigmund flickers and vanishes!
Deactivating autopickup; reactivate with Ctrl-A.
You barely miss something.
Your transformation is almost over.
Something hits you.
You hit something. Something barely misses you.
You hit something but do no damage. Something hits you!
* * * LOW HITPOINT WARNING * * *
You miss something. Something hits you!
You die...

#.........##..#.#.#@#.....
##............#.#.#......
......###.....#........##
......#.....### #.#....)#########
####..#.#.#.#####.......')).....#
.#....#.#.#.....†.......#........
.#.#.##.#.#.##.#^......##........
.#...........#.#{#.....##........
......#####..#.#@########........
#.#..........#.#.# #........
....#.######.#.#.########........
#.###.# .#.#...#.............
#+###.# <#.###.#............#
......# ##..................#
...#### #############+###### ...#
..##


There were no monsters in sight!

Vanquished Creatures
  Ijyb (D:3)
  3 gnolls (D:3)
  An adder (D:2)
  4 worms (D:2)
  A dart slug (D:1)
  An orc (D:3)
  3 endoplasms
  2 giant cockroaches
  8 goblins
  4 hobgoblins
  3 kobolds (D:1)
  2 quokkas (D:2)
  9 ball pythons
  4 bats
  2 frilled lizards (D:1)
  A rat (D:2)
49 creatures vanquished.

Notes
Turn   | Place    | Note
-------+----------+-------------------------------------------
     0 | D:1      | NinjaNoafa the Merfolk Transmuter began the quest for the
                  | Orb.
     0 | D:1      | Reached XP level 1. HP: 15/15 MP: 3/3
   203 | D:1      | Reached XP level 2. HP: 9/21 MP: 3/5
   859 | D:1      | Reached XP level 3. HP: 27/27 MP: 4/6
  1262 | D:2      | Found Havvuan's Book Emporium.
  1652 | D:2      | Found a runed translucent door.
  1653 | D:2      | Noticed Crazy Yiuf
  1688 | D:2      | Found a faded altar of an unknown god.
  1909 | D:2      | Reached XP level 4. HP: 24/33 MP: 5/7
  2727 | D:3      | Noticed Ijyb
  2746 | D:3      | Paralysed by Ijyb for 3 turns
  3029 | D:3      | Paralysed by Ijyb for 2 turns
  3037 | D:3      | Killed Ijyb
  3038 | D:3      | Reached skill level 1 in Poison Magic
  3358 | D:3      | Reached XP level 5. HP: 24/38 MP: 8/8
  3362 | D:3      | Reached skill level 4 in Unarmed Combat
  3397 | D:3      | Noticed Sigmund
  3425 | D:3      | Slain by Sigmund

Illustrated notes

Levels and vault maps discovered:
D:1:      mushboom_english_gardens, layout_basic
D:2:      layout_loops_ring, chequers_ecumenical_altar_simple, serial_shops,
          shop, minivault_26, minmay_misc_feat_five, uniq_crazy_yiuf_cottage
D:3:      minmay_razor_zed, layout_basic, uniq_sigmund, uniq_ijyb

Skill      XL: |  1  2  3  4  5 |
---------------+----------------+-----
Dodging        | 3 |  3.6
Transmutations | 3 |  3.6
Fighting       | 2 |  2.2
Poison Magic   | 1 |  1.2
Unarmed Combat | 4 |  4.0
Spellcasting   | |  2.5
Hexes          | |  0.8

Action                   |  1- 3 |  4- 6 || total
-------------------------+-------+-------++-------
Melee: Unarmed           |   109 |    17 ||   126
       Dagger            |     5 |       ||     5
       Headbutt          |    15 |     7 ||    22
       Punch             |     3 |     1 ||     4
       Hand axe          |       |    46 ||    46
Throw: Javelin           |     2 |       ||     2
 Cast: Beastly Appendage |    28 |    11 ||    39
  Use: Potion            |     2 |     4 ||     6
       Scroll            |       |     1 ||     1
 Stab: Sleeping          |     4 |       ||     4
Armor: Robe              |    24 |     5 ||    29
Dodge: Dodged            |    82 |    45 ||   127
